 Dungeon Crawl Stone Soup version 0.29.0-4-gdea44cf6ec (webtiles) character file.

Game seed: 7184905267190198389

2 qw the Sneak (level 1, -2/14 HPs)
             Began as a Gargoyle Delver on Sept 10, 2022.
             Slain by an orc
             ... wielding a +0 mace
              (7 damage)
             ... on level 5 of the Dungeon.
             The game lasted 00:00:04 (94 turns).

qw the Sneak (Gargoyle Delver)                        Turns: 94, Time: 00:00:05

Health: -2/14      AC:  5    Str: 15    XL:     1   Next: 40%
Magic:  1/1        EV: 11    Int: 10    God:
Gold:   7          SH:  0    Dex: 11    Spells: 0/0 levels left

rFire   . . .      SeeInvis .   a - +0 hand axe
rCold   . . .      Faith    .   (no shield)
rNeg    + . .      Spirit   .   b - +0 leather armour
rPois   inf        Reflect  .   (no helmet)
rElec   +          Harm     .   (no cloak)
rCorr   .          Rampage  .   (no gloves)
Will    .....                   (no boots)
Stlth   +++.......              (no amulet)
HPRegen 0.04/turn               (no ring)
MPRegen 0.07/turn               (no ring)

@: no status effects
A: sickness immunity, AC +2, negative energy resistance 1, electricity
resistance, torment resistance 1, petrification resistance
a: no special abilities


You were on level 5 of the Dungeon.
You visited 1 branch of the dungeon, and saw 1 of its levels.

You collected 29 gold pieces.
You spent 22 gold pieces at shops.


Innate Abilities, Weirdness & Mutations

You are immune to sickness and miasma.
Your stone body is resilient. (AC +2)
You are immune to poison.
You resist negative energy. (rN+)
You are resistant to electric shocks. (rElec)
You are resistant to unholy torment.
You are immune to petrification.


   Skills:
 - Level 3.2 Fighting
 + Level 2.0 Axes
 - Level 1.5 Dodging
 - Level 5.4 Stealth


You couldn't memorise any spells.
You didn't know any spells.
Your spell library was empty.

Inventory:

Hand Weapons
 a - a +0 hand axe (weapon)
Armour
 b - a +0 leather armour (worn)
 h - a +0 scale mail
Jewellery
 j - the ring "Foepumy" {Dex+4 SInv}
   (You found it on level 5 of the Dungeon)

   [ring of see invisible]

   Dex:       It affects your dexterity (+4).
   SInv:      It lets you see invisible.
Wands
 g - a wand of digging (3)
Scrolls
 c - a scroll of fog
 d - a scroll of magic mapping
 e - a scroll of fear
 i - a scroll of teleportation {unknown}
 k - a scroll of identify {unknown}
Potions
 f - a potion of haste
 l - a potion of attraction {unknown}
 m - a potion of ambrosia {unknown}

Dungeon Overview and Level Annotations

Branches:
Dungeon (5/15)
 Temple: D:4-7

Altars:

Shops:
D:5 *


Message History

Enter note: The quokka bites you but does no damage.
You closely miss the quokka. The quokka closely misses you.
You barely miss the quokka. The quokka barely misses you. x2
You barely miss the quokka.
The quokka bites you but does no damage.
You hit the quokka.
The quokka is moderately wounded.
The quokka misses you. The quokka closely misses you.
You hit the quokka.
You kill the quokka!
m - a purple potion A quokka comes into view.
You hit the quokka.
The quokka is almost dead.
The quokka barely misses you.
You hit the quokka.
You kill the quokka!
Your Axes skill increases to level 2!
An orc and 2 orc wizards come into view.
Found 9 gold pieces.
Found a fizzy grey potion.
The orc wizard shouts! x2
The orc wizard points at you and mumbles some strange words.
You resist with significant effort.
You hear a shout!
An orc comes into view. It is wielding a +0 short sword.
The orc shouts!
An orc priest comes into view. It is wielding a +0 hand axe.
The orc wizard misses you.
You hit the orc wizard but do no damage.
The orc wizard completely misses you.
You hit the orc wizard but do no damage.
You hit the orc. You closely miss the orc wizard.
The orc wizard hits you with a +0 dagger.
The orc hits you with a +0 mace. The orc hits you with a +0 mace!
Ouch! That really hurt!
You die...

..#### # #.... .# #...... ..#
####+.#... ..## ..$........
o.... .......#.o##.....
........ooo....# ###
.........@o....# ##.. #
!..........#..# #...##
##....!..## #....
##........#.. .. #.... .
#...........# #.. ##... ..
#.....##...## #.##....
...###.##..# ...#..# #.....(.
...........#.##....####......
..............#.....###......


You could see an orc priest, 2 orc wizards and 2 orcs.

Vanquished Creatures
  2 quokkas (D:5)
2 creatures vanquished.

Notes
Turn   | Place    | Note
-------+----------+-------------------------------------------
     0 | D:5      | qw the Gargoyle Delver began the quest for the Orb.
     0 | D:5      | Reached XP level 1. HP: 14/14 MP: 1/1
     0 | D:5      | 0 ||| qw: Version: 0.1-a-117-gfe26ee0
     0 | D:5      | 0 ||| qw: Game counter: 9848
     0 | D:5      | 0 ||| qw: Always use a shield: true
     0 | D:5      | 0 ||| qw: God list: Okawaru
     0 | D:5      | 0 ||| qw: Allow faded altars: false
     0 | D:5      | 0 ||| qw: Do Orc after D:15 true
     0 | D:5      | 0 ||| qw: Do second Lair branch before Depths: true
     0 | D:5      | 0 ||| qw: Lair rune preference: random
     0 | D:5      | 0 ||| qw: Plans: Normal
     0 | D:5      | 0 ||| PLANNING D:1-11
    25 | D:5      | Identified the ring "Foepumy" {Dex+4 SInv}
    48 | D:5      | Found Acemoel's Assorted Antiques.
    53 | D:5      | 53 ||| SHOPLISTING 2 scrolls labelled TUHAYRIT WEONE (50
                  | gold, have 29).
    53 | D:5      | 53 ||| BUYING bubbling clear potion (22 gold).
    53 | D:5      | Bought a bubbling clear potion for 22 gold pieces
    53 | D:5      | 53 ||| SHOPLISTING kite shield (112 gold, have 7).
    53 | D:5      | 53 ||| SHOPLISTING sedimented dark potion (22 gold, have
                  | 7).
    88 | D:5      | Noticed an orc wizard
    88 | D:5      | Noticed an orc wizard
    91 | D:5      | Noticed an orc priest
    94 | D:5      | Slain by an orc

Levels and vault maps discovered:
D:5:      layout_cave_pools, nicolae_ru_great_annihilating_truth, serial_glass,
          glass_columns_a, glass_columns_a, glass_columns_c, glass_columns_b,
          serial_shops, kennysheep_little_box, minmay_holes, minmay_hedge_maze,
          uniq_blork_the_orc, uniq_sigmund, uniq_eustachio

Skill      XL: |  1 |
---------------+----+-----
Axes           | 2 |  2.0
Fighting       | |  3.2
Dodging        | |  1.5
Stealth        | |  5.4

Action                   || total
-------------------------++-------
Melee: Hand axe          ||     9
Armor: Leather armour    ||     2
Dodge: Dodged            ||     8

Table legend:
 A = Non-vault XP
 B = Vault XP
 C = Vault XP percentage of total XP
 D = Non-vault monster count
 E = Vault monster count
 F = Vault count percentage of total count
                 A         B        C        D         E       F
            +---------+---------+-------+---------+---------+-------
      Total |       4 |       0 |   0.0 |       2 |       0 |   0.0
            +---------+---------+-------+---------+---------+-------
        D:5 |       4 |       0 |   0.0 |       2 |       0 |   0.0
            +---------+---------+-------+---------+---------+-------
